 Dungeon Sprint DCSS version 0.26-a0-958-gf3041fb45f (webtiles) character file.

Game seed: 17030085469556709521

2947 iamoutofideas the Eclecticist (level 9, -1/45 HPs)
             Began as a Deep Elf Fire Elementalist on Nov 30, 2020.
             Was a High Priest of Vehumet.
             Killed by drain life
             ... invoked by a soul eater
             ... summoned by an orc high priest
              (12 damage)
             ... in the Dungeon (Sprint III: "The Ten Rune Challenge").
             The game lasted 00:06:35 (1266 turns).

iamoutofideas the Eclecticist (DEFE)                Turns: 1266, Time: 00:06:35

Health: -1/45      AC:  3    Str:  4 (5)  XL:     9   Next: 51%
Magic:  28/31      EV: 13    Int: 24      God:    Vehumet [*****.]
Gold:   28         SH:  0    Dex: 17      Spells: 14/40 levels left

rFire    . . .     SeeInvis .   j - +0 dagger
rCold    . . .     Faith    .   (no shield)
rNeg     . . .     Spirit   .   a - +0 robe
rPois    .         Reflect  .   (no helmet)
rElec    .         Harm     .   (no cloak)
rCorr    .         Rampage  .   (no gloves)
MR       .....     NoTele   +   (no boots)
Stlth    ++........             (no amulet)
HPRegen  0.55/turn              (no ring)
MPRegen  0.22/turn              (no ring)

@: no status effects
A: yellow scales 1, agile 1, deformed body, deterioration 1, regeneration 1
a: Renounce Religion


You were in the Dungeon.
You worshipped Vehumet.
Vehumet was extremely pleased with you.
You visited 1 branch You collected 28 gold pieces.

Inventory:

Hand Weapons
 j - a +0 dagger (weapon)
Armour
 a - a +0 robe (worn)
Scrolls
 b - a scroll of fear {unknown}
 h - a scroll of blinking
 i - 3 scrolls of remove curse
 k - a scroll of torment {unknown}
 l - a scroll of identify
 m - a scroll of fog {unknown}
 p - a scroll of holy word
Potions
 c - a potion of curing
 d - a potion of heal wounds
 e - 2 potions of haste
 f - a potion of magic
 g - 2 potions of berserk rage
 n - 2 potions of flight {unknown}
 o - 3 potions of mutation
Miscellaneous
 q - a tin of tremorstones (2/2)


   Skills:
 - Level 2.5 Dodging
 - Level 2.5 Stealth
 + Level 16.3 Spellcasting
 + Level 13.3 Conjurations
 + Level 13.7 Fire Magic


You had 14 spell levels left.
You knew the following spells:

 Your Spells              Type           Power        Failure   Level
a - Foxfire               Conj/Fire      ####         0%          1
b - Conjure Flame         Conj/Fire      ######..     1%          3
c - Fireball              Conj/Fire      ######....   1%          5
d - Yara's Violent Unrav  Hex/Tmut       ###.......   19%         5
e - Petrify               Tmut/Erth      ###.....     26%         4
f - Sandblast             Erth           ###...       1%          1
g - Stone Arrow           Conj/Erth      ######       1%          3
h - Sticky Flame          Conj/Fire      ######..     1%          4

Your spell library contained the following spells:

 Spells                   Type           Power        Failure   Level
 Hailstorm                Conj/Ice       ######..     1%          4
 Inner Flame              Hex/Fire       ######..     1%          3
 Confusing Touch          Hex            ###.....     9%          3
 Gell's Gravitas          Tloc           ###.......   9%          3
 Metabolic Englaciation   Hex/Ice        ###.......   58%         5


Dungeon Overview and Level Annotations

Branches:
Dungeon (1/1)

Altars:
Cheibriados
Dithmenos
Elyvilon
Fedhas
Gozag
Hepliaklqana
Kikubaaqudgha
Makhleb
Nemelex Xobeh
Okawaru
Qazlal
Ru
Sif Muna
Trog
Uskayaw
Vehumet
Wu Jian
Xom
Yredelemnul
Zin
The Shining One
Beogh
Jiyva
Lugonu

Shops:
D (


Innate Abilities, Weirdness & Mutations

You are partially covered in yellow scales. (AC +2)
You are agile. (Dex +2)
Armour fits poorly on your strangely shaped body.
Your body sometimes deteriorates upon taking damage.
Your natural rate of healing is unusually fast.


Message History

Vehumet accepts your kill.
The ice devil disappears in a puff of smoke!
The smoke demon disappears in a puff of smoke!
Your Spellcasting skill increases to level 16!
Your Conjurations skill increases to level 13!
Unknown command.
Unknown command.
Casting: Stone Arrow (safe; 1% risk of failure)
Confirm with . or Enter, or press ? or * to list all spells.
The spell is extremely dangerous to cast (19% risk of failure)!
Continue anyway?
Aiming: Yara's Violent Unravelling (extremely dangerous; 19% risk of failure)
Press: ? - help, Shift-Dir - straight line, f - orc high priest
Aim: an orc high priest, wielding a +0 flail (0% to evade)
Okay, then.
Unknown command.
The soul eater hits you!!
* * * LOW HITPOINT WARNING * * *
Your body deteriorates!
You feel weakened.
The soul eater draws from the surrounding life force!
You die...

..#..#.).#__.#._#.$ ...
..#..###'#'###'##$$ ..
#'#..#........).#3)o)
##...'.⌠..).....#$#o
##...#...######'#4o
#....#.⌠.#__#...#'###########
.....#...#__#...#.o§.#.#.#..
.....#'###__#..)##.#..#.##.#
.....#.))#__#...@##.#.#.##.#
#....#___#__'...#.3.#..#..#
▓▓▓▓▓▓▓▓▓▓▓▓▓▓▓▓▓▓▓▓▓▓▓▓▓▓▓


You could see a soul eater (summoned).

Vanquished Creatures
  An orc high priest (D)
  An orc sorcerer (D)
  A deep elf mage (D)
  A shadow (D)
  A spatial vortex (D)
  2 orc warriors (D)
  A necrophage (D)
  4 two-headed ogres (D)
  A water elemental (D)
  2 orc priests (D)
  A jelly (D)
  A wizard (D)
  Jessica (D)
  A necromancer (D)
  A kobold demonologist (D)
  3 humans (D)
  A phantom (D)
  5 orcs (D)
  3 rats (D)
32 creatures vanquished.

Vanquished Creatures (others)
  73 foxfires (D)
  3 plants (D)
76 creatures vanquished.

Grand Total: 108 creatures vanquished

Notes
Turn   | Place    | Note
-------+----------+-------------------------------------------
     0 | D        | iamoutofideas the Deep Elf Fire Elementalist began the
                  | quest for the Orb.
     0 | D        | Reached XP level 1. HP: 10/10 MP: 6/6
    44 | D        | Noticed Jessica
    49 | D        | Killed Jessica
    50 | D        | Reached skill level 5 in Spellcasting
    50 | D        | Reached skill level 5 in Fire Magic
    50 | D        | Reached XP level 2. HP: 15/15 MP: 1/10
   142 | D        | Reached XP level 3. HP: 13/19 MP: 1/12
   265 | D        | Gained mutation: Your natural rate of healing is unusually
                  | fast. [potion of mutation]
   265 | D        | Gained mutation: You are partially covered in yellow
                  | scales. (AC +2) [potion of mutation]
   265 | D        | Gained mutation: You are agile. (Dex +2) [potion of
                  | mutation]
   271 | D        | Learned a level 3 spell: Conjure Flame
   272 | D        | Noticed a water elemental
   293 | D        | Killed a water elemental
   294 | D        | Reached skill level 7 in Spellcasting
   294 | D        | Reached skill level 5 in Conjurations
   294 | D        | Reached XP level 4. HP: 24/24 MP: 5/15
   380 | D        | Found a basalt altar of Yredelemnul.
   380 | D        | Found a shadowy altar of Dithmenos.
   380 | D        | Found a sacrificial altar of Ru.
   380 | D        | Noticed a necrophage
   386 | D        | Reached skill level 8 in Spellcasting
   387 | D        | Killed a necrophage
   388 | D        | Reached skill level 9 in Spellcasting
   388 | D        | Reached XP level 5. HP: 22/28 MP: 10/19
   447 | D        | Found a radiant altar of Vehumet.
   447 | D        | Found a shimmering blue altar of Sif Muna.
   447 | D        | Found an ancient bone altar of Kikubaaqudgha.
   455 | D        | Learned a level 5 spell: Fireball
   457 | D        | Reached skill level 10 in Spellcasting
   468 | D        | Learned a level 5 spell: Yara's Violent Unravelling
   475 | D        | Became a worshipper of Vehumet
   500 | D        | Learned a level 4 spell: Petrify
   501 | D        | Found a glowing silver altar of Zin.
   501 | D        | Found a glowing golden altar of the Shining One.
   501 | D        | Found a white marble altar of Elyvilon.
   503 | D        | Noticed a deep elf mage
   504 | D        | Killed a deep elf mage
   505 | D        | Reached skill level 12 in Spellcasting
   505 | D        | Reached skill level 10 in Fire Magic
   505 | D        | Reached XP level 6. HP: 32/32 MP: 10/23
   505 | D        | Reached XP level 7. HP: 36/36 MP: 10/25
   583 | D        | Found a hide-covered altar of Uskayaw.
   583 | D        | Found a roughly hewn altar of Beogh.
   583 | D        | Found an iron altar of Okawaru.
   583 | D        | Found a bloodstained altar of Trog.
   583 | D        | Found an ornate altar of the Wu Jian Council.
   583 | D        | Noticed a human
   584 | D        | Noticed a human
   585 | D        | Killed a human
   586 | D        | Reached skill level 13 in Spellcasting
   586 | D        | Reached skill level 10 in Conjurations
   587 | D        | Killed a human
   587 | D        | Reached * piety under Vehumet
   587 | D        | Offered knowledge of Magic Dart by Vehumet.
   650 | D        | Noticed a shadow
   671 | D        | Gained mutation: Your body sometimes deteriorates upon
                  | taking damage. [mutagenic glow]
   695 | D        | Gained mutation: Armour fits poorly on your strangely
                  | shaped body. [mutagenic glow]
   767 | D        | Killed a shadow
   768 | D        | Reached XP level 8. HP: 40/41 MP: 17/27
   817 | D        | Found a blossoming altar of Fedhas.
   817 | D        | Found a stormy altar of Qazlal.
   817 | D        | Found a snail-covered altar of Cheibriados.
   817 | D        | Found a burning altar of Makhleb.
   817 | D        | Found a shimmering altar of Xom.
   818 | D        | Found a hazy altar of Hepliaklqana.
   818 | D        | Found an opulent altar of Gozag.
   818 | D        | Found a sparkling altar of Nemelex Xobeh.
   818 | D        | Found a corrupted altar of Lugonu.
   818 | D        | Found a viscous altar of Jiyva.
   837 | D        | Offered knowledge of Sandblast by Vehumet.
   837 | D        | Reached ** piety under Vehumet
   838 | D        | Reached skill level 14 in Spellcasting
   975 | D        | Learned a level 1 spell: Sandblast
   984 | D        | Offered knowledge of Stone Arrow by Vehumet.
  1127 | D        | Noticed a two-headed ogre
  1150 | D        | Killed a two-headed ogre
  1150 | D        | Reached *** piety under Vehumet
  1199 | D        | Learned a level 3 spell: Stone Arrow
  1204 | D        | Learned a level 4 spell: Sticky Flame
  1248 | D        | Found Niveet's Weapon Boutique.
  1248 | D        | Noticed an orc high priest
  1248 | D        | Noticed an orc sorcerer
  1250 | D        | Offered knowledge of Hailstorm by Vehumet.
  1251 | D        | Killed an orc sorcerer
  1251 | D        | Noticed an orc high priest
  1252 | D        | Reached skill level 15 in Spellcasting
  1252 | D        | Reached XP level 9. HP: 29/45 MP: 22/30
  1252 | D        | Reached **** piety under Vehumet
  1254 | D        | Reached ***** piety under Vehumet
  1257 | D        | Noticed a rust devil
  1259 | D        | Noticed an ice devil
  1260 | D        | Noticed a soul eater
  1260 | D        | Noticed a sixfirhy
  1261 | D        | Noticed a smoke demon
  1261 | D        | Killed an orc high priest
  1262 | D        | Reached skill level 16 in Spellcasting
  1266 | D        | Killed from afar by a soul eater

Illustrated notes

Levels and vault maps discovered:
D:        dungeon_sprint_mu [sprint_mu_entry_cave, sprint_mu_temple_rooms,
          sprint_mu_d1_spiders, sprint_mu_d2_genie, sprint_mu_d3_branching,
          sprint_mu_orc_legion, sprint_mu_elf_gauntlet, sprint_mu_hive_nellie,
          sprint_mu_lair_fedhas, sprint_mu_vaults_butterflies,
          sprint_mu_slime_circle, sprint_mu_swamp_cave, sprint_mu_snake_twists,
          sprint_mu_blade_basic, sprint_mu_crypt_lich, sprint_mu_tomb_spiral,
          sprint_mu_vestibule_basic, sprint_mu_gehenna_hellfire,
          sprint_mu_dis_giant, sprint_mu_tartarus_statrot,
          sprint_mu_cocytus_islands, sprint_mu_zot1]

Skill      XL: |  1  2  3  4  5  6  7  8  9 |
---------------+----------------------------+-----
Fire Magic     | 5 6 7 10 11 12 13 | 13.7
Spellcasting   | 5 7 9 12 13 15 16 | 16.3
Conjurations   | 3 4 5 6 9 10 12 13 | 13.3
Dodging        | |  2.5
Stealth        | |  2.5

Action                   |  1- 3 |  4- 6 |  7- 9 || total
-------------------------+-------+-------+-------++-------
 Cast: Foxfire           |    26 |     6 |    17 ||    49
       Conjure Flame     |     1 |       |       ||     1
       Fireball          |       |     3 |    22 ||    25
       Stone Arrow       |       |       |     4 ||     4
  Use: Potion            |     1 |       |     2 ||     3
       Scroll            |       |       |     1 ||     1
Armor: Robe              |     1 |     1 |     5 ||     7
Dodge: Dodged            |    11 |     1 |    13 ||    25

Table legend: (Time is in decaauts)
 A = Elapsed time spent in this place.
 B = Non-inter-level travel time spent in this place.
 C = Inter-level travel time spent in this place.
 D = Time resting spent in this place.
 E = Time spent auto-exploring this place.
 F = Levels seen in this place.
 G = Mean time per level.
                   A        B        C        D        E       F      G
               +--------+--------+--------+--------+--------+-----+--------+
         Total |   1280 |   1259 |     21 |    772 |     72 |   1 | 1280.0 |
       Dungeon |   1280 |   1259 |     21 |    772 |     72 |   1 | 1280.0 |
               +--------+--------+--------+--------+--------+-----+--------+

Top non-repeatable levels by time:
       D: 1280 daAuts
